[Event "Kvika Banki League Iceland 2022-23"]
[Site "Reykjavik"]
[Date "2022.10.14"]
[Round "2.11"]
[White "Hjartarson, Johann"]
[Black "Sulypa, Oleksandr"]
[Result "1/2-1/2"]
[ECO "A06"]
[WhiteElo "2468"]
[BlackElo "2463"]
[Annotator "TA"]
[PlyCount "70"]
[EventDate "2022.10.13"]
[EventType "team-tourn"]
[EventCountry "ISL"]
[SourceTitle "playchess.com"]
[Source "ChessBase"]
[SourceQuality "1"]
[TimeControl "5400+30"]

1. d4 d5 2. c4 c6 3. Nf3 Nf6 4. e3 e6 5. b3 Nbd7 6. Bb2 Bd6 7. Bd3 Qe7 {[%emt 0:02:12] 7...b6 is setting a new trend. A06: Réti Opening: 1 Nf3 d5.} 8. Ne5 Bb4+ 9. Nd2 Ne4 {[%emt 0:04:54] White is slightly better.} 10. Bxe4 dxe4 11. O-O f5 {[%emt 0:01:04] [#]} 12. Qh5+ $146 (12. a3 $14 Bxd2 13. Nxd7 (13. Qxd2 Nxe5 14. dxe5 b6 $14)) ({Predecessor:} 12. a3 Bxd2 13. Qxd2 O-O 14. Nxd7 Bxd7 15. a4 Rfd8 16. Ba3 Qf6 17. Bd6 Be8 18. c5 {1-0 (65) Garza Marco,S (2400)-Vega Gutierrez,S (2374) Marbella 2019}) 12... g6 $11 13. Qe2 ({Don't play} 13. Nxg6 Qf7 14. Nf4 (14. d5 e5 $17) 14... Bxd2 $17) 13... Nxe5 14. dxe5 b6 {[%emt 0:16:26] [#]} (14... Bc5 $11) 15. Rad1 (15. Nxe4 $1 $14 fxe4 16. a3) 15... O-O 16. f3 exf3 17. Nxf3 Bb7 18. Nd4 (18. a3 $1 $14 Bxa3 19. Bxa3 Qxa3 20. Rd7) 18... Bc5 19. Nc2 a5 20. a3 b5 21. Kh1 bxc4 22. bxc4 a4 23. Rb1 Qc7 ({Better is} 23... Rad8 $17) 24. Rfd1 (24. e4 $11 {keeps the balance.}) 24... Rfe8 (24... Be7 $17 {Hoping for ...c5.} 25. Nd4 Qc8) 25. Bc3 (25. e4 $1 $11 {remains equal.}) 25... Bf8 $17 {[%emt 0:02:27] A strong pair of Bishops.} 26. e4 Bg7 (26... c5 $17 27. exf5 gxf5) 27. c5 Ba6 28. Qf3 Bxe5 29. Bxe5 Qxe5 30. exf5 Qxf5 31. Qc3 Rad8 $1 32. Ne3 Qe4 ({Black should try} 32... Rd3 $1 $15 33. Qxd3 Qxd3 34. Rxd3 Bxd3) 33. h3 $11 {[%emt 0:01:15] [#] Strongly threatening Ng4.} Be2 {[%emt 0:00:40] Prevents Ng4.} 34. Rb4 {[%emt 0:00:45] Rxd8 is the strong threat.} Rxd1+ 35. Nxd1 Qd3 {[%emt 0:02:55] Weighted Error Value: White=0.24 (precise) /Black=0.21 (precise)} 1/2-1/2

[Event "Kvika Banki League Iceland 2022-23"]
[Site "Reykjavik"]
[Date "2022.10.14"]
[Round "2.12"]
[White "Petursson, Margeir"]
[Black "Thorfinnsson, Bragi"]
[Result "1/2-1/2"]
[ECO "A25"]
[WhiteElo "2447"]
[BlackElo "2421"]
[Annotator "TA"]
[PlyCount "128"]
[EventDate "2022.10.13"]
[EventType "team-tourn"]
[EventCountry "ISL"]
[SourceTitle "playchess.com"]
[Source "ChessBase"]
[SourceQuality "1"]
[TimeControl "5400+30"]

1. c4 e5 2. g3 Nf6 3. Bg2 Bc5 4. Nc3 O-O 5. e3 Nc6 6. Nge2 d5 {[%emt 0:00:13] A25: English Opening vs King's Indian with ...Nc6 but without early d3.} 7. d4 exd4 8. exd4 Bb4 9. cxd5 Nxd5 10. O-O Be6 11. Ne4 Qd7 {[%emt 0:11:35] [#]} 12. Nc5 $146 ({Predecessor:} 12. a3 Be7 13. Nc5 Bxc5 14. dxc5 Rad8 15. Nf4 Nxf4 16. Bxf4 Qe7 17. Qa4 Qxc5 18. Bxc7 {0-1 (58) Gehrmann,R-Gasparian,T (2263) Bad Wiessee 1999}) 12... Bxc5 13. dxc5 Rad8 14. Nf4 {[%emt 0:04:03] Against Bh3} Nxf4 15. Bxf4 Qe7 (15... Qc8 $5 16. Qa4 Rd4 $11) 16. Qc1 Nb4 17. a3 ({Don't play} 17. Bxb7 c6 18. Bd6 (18. a3 $2 Nd3 $19) 18... Qxb7 $19) 17... Nd3 18. Qe3 Nxb2 19. Bxb7 Nc4 20. Qc3 Qxc5 21. Rfc1 (21. Ba6 $11 Qc6 22. Bxc4 Qxc4 23. Qxc4 Bxc4 24. Rfc1) 21... g5 $1 $17 22. Be3 {[%emt 0:01:16] [#]} Qf5 23. Rd1 {[%emt 0:02:33] Prevents Rd3.} c5 ({Much worse is} 23... Nxe3 $6 24. Qxe3 Kg7 25. Qxa7 $11) 24. a4 Rxd1+ 25. Rxd1 Rb8 $1 26. Bg2 Nxe3 27. Qxe3 Rb1 28. Rxb1 Qxb1+ {[%emt 0:00:04][%mdl 4096] Endgame KQB-KQB} 29. Bf1 h6 30. Qxc5 Bh3 31. Qc4 {[%emt 0:01:33] [#]} (31. Qb5 $142 Qa1 32. a5) 31... a5 $1 32. Qd3 Qa1 33. f4 $2 (33. Qd8+ $17 Kg7 34. Qd3) 33... gxf4 $19 34. gxf4 (34. Qf3 $142 Bxf1 35. Qxf1 Qxa4 36. Qf3) 34... Bxf1 35. Qxf1 Qxa4 {[%emt 0:00:09] White must now prevent ...Qd4+. KQ-KQ} 36. Qf3 Qd4+ 37. Kf1 a4 38. f5 Kg7 39. Kg2 Kf6 {[%emt 0:04:14] Threatens to win with ...Qb2+.} 40. Qc6+ Kg5 41. f6 (41. Qb7 $142 Kf6 42. Qc6+ Kxf5 43. Qf3+ Ke5 44. Qg3+ Kd5 45. Qb8) 41... a3 $2 (41... Qg4+ $19 {has better winning chances.} 42. Kh1 Qd1+ 43. Kg2 Qe2+ 44. Kg1 Qe3+ 45. Kg2 a3 46. h4+ Kg6) 42. Qc1+ $17 Kxf6 43. Qxa3 Qe4+ 44. Kf2 Kg5 45. Qf8 Qf4+ 46. Kg2 Kh4 47. Qa3 f5 48. Qh3+ Kg5 {[%emt 0:00:02] ( -> ...Qg4+)} 49. Qa3 Qe4+ 50. Kf2 f4 51. Qc3 {[%emt 0:01:08] Prevents Qd4+. The position is equal.} h5 52. Qh3 Qc2+ 53. Kg1 Qf5 (53... Qd1+ 54. Qf1 Qd4+ 55. Qf2 $17) 54. Qa3 Kh4 55. Qc3 Kg4 56. Kf2 Qe4 57. Qb3 Qd4+ 58. Ke2 Qe4+ 59. Kf2 Qc6 60. Qd3 h4 61. h3+ Kg5 62. Qb3 Kf5 63. Qf7+ Qf6 64. Qd5+ Qe5 {[%emt 0:00:48] And White is the lucky defender.  Weighted Error Value: White=0.34/Black=0.16 (very precise)} 1/2-1/2

[Event "Kvika Banki League Iceland 2022-23"]
[Site "Reykjavik"]
[Date "2022.10.14"]
[Round "2.13"]
[White "Jakubiec, Artur"]
[Black "Domalchuk-Jonasson, Aleksandr"]
[Result "1-0"]
[ECO "C11"]
[WhiteElo "2435"]
[BlackElo "2300"]
[Annotator "TA"]
[PlyCount "93"]
[EventDate "2022.10.13"]
[EventType "team-tourn"]
[EventCountry "ISL"]
[SourceTitle "playchess.com"]
[Source "ChessBase"]
[SourceQuality "1"]
[TimeControl "5400+30"]

1. e4 e6 2. d4 d5 3. Nc3 Nf6 4. e5 Nfd7 5. f4 c5 6. Nf3 Nc6 7. Be3 a6 8. Qd2 Be7 9. dxc5 Bxc5 {[%emt 0:08:10] C11: French: Classical System: 4 e5 and 4 Bg5 dxe4.} 10. Bxc5 Nxc5 11. O-O-O b5 {[%emt 0:02:15] The position is equal.} 12. Nd4 Qb6 13. Nxc6 Qxc6 14. Qd4 Bb7 {[%emt 0:06:05] [#]} 15. h4 $146 ({Predecessor:} 15. g4 O-O-O 16. Bg2 Kb8 17. Kb1 Rc8 18. Rd2 Rc7 19. Rhd1 a5 20. a3 Ba6 21. h3 {½-½ (137) Fedoseev,V (2188)-Smirnov,A (2403) St Petersburg 2007}) 15... h5 16. Rh3 Rc8 $1 17. Rd2 g6 (17... Ke7 {seems wilder.} 18. Be2 g6 19. a3 Qb6) 18. Be2 (18. b4 {is more complex.} Ne4 19. Nxe4 dxe4 20. Qd6) 18... Qb6 19. b4 Nd7 {[%emt 0:01:36] [#]} 20. a4 (20. Ne4 $1 $14 Rc7 (20... Ke7 21. Qxb6) 21. Qxb6 Nxb6 22. Nc5) 20... bxa4 $11 21. Ne4 Qxd4 (21... dxe4 22. Qxd7+ Kf8 23. Qd6+ Qxd6 24. Rxd6 $11) (21... Ke7 $11 22. Qxb6 (22. Nd6 Rc7 $15) 22... Nxb6) 22. Nd6+ $14 Kf8 23. Rxd4 {[%emt 0:00:09] Chess con chili. Active counter play!} Rc7 24. Rdd3 {[%emt 0:05:50][%cal Bd4d3,Bd3c3,Bc3c4][%mdl 32] aiming for Rc3.} Bc6 25. Rc3 Ke7 (25... d4 $142 26. Rc4 Nb6) 26. Bxa6 $16 {[%emt 0:02:57] Strongly threatening Bb5.} d4 27. Rc4 {[%emt 0:02:21] Black must now prevent Bb5.} Nb6 28. Rxd4 {[%emt 0:03:17] Hoping for Rc3.} Bxg2 29. Rg3 Ra8 (29... Bd5 $142) 30. b5 $2 ({White should try} 30. Rxg2 $16 Rxa6 31. b5) 30... Bh1 (30... Bd5 $11 {remains equal.}) 31. Kb2 (31. c4 $16) 31... Bd5 $14 {[%emt 0:02:00] [#]} 32. c4 (32. c3 $1 $16) 32... Nxc4+ 33. Nxc4 Rxc4 (33... Bxc4 $2 34. Rc3 (34. b6 Rc6 $16) 34... f6 35. Rcxc4 $18) 34. Rxc4 Bxc4 {[%emt 0:00:01][%mdl 4096] Endgame KRB-KRB} 35. Rc3 Bb3 (35... Be2 $11 {and Black is okay.}) 36. Rc7+ $18 Ke8 $2 (36... Kf8 37. Ka3 Rb8) 37. Ka3 Rb8 38. Bb7 $2 (38. Kb4 {Ra7 is the strong threat.} Kf8 39. Bb7) 38... Kf8 $2 (38... Bd5 39. Ba6 (39. Bxd5 exd5 40. Kxa4 d4 $16) 39... Bg2 40. Kxa4 Rd8) 39. Bc6 $2 (39. Rc8+ $18 {and the rest is easy.} Rxc8 40. Bxc8) 39... Bd1 $2 (39... Bc4 $16) 40. Kb4 $2 (40. Rb7 $18 {is the precise move to win.} Rc8 41. Ra7) 40... Bb3 $2 (40... Be2 $16 41. Ra7 (41. Kxa4 Bxb5+ 42. Bxb5 Ra8+ 43. Kb4 Ra2 $16) 41... Bxb5 42. Bxb5 Rc8) 41. Ra7 Bd5 42. Kc5 Bxc6 43. bxc6 {[%emt 0:00:19] White mates.} Rb1 44. Ra8+ Ke7 45. c7 Rc1+ 46. Kb6 Kd7 47. Rd8+ {[%emt 0:00:07] Weighted Error Value: White=0.46/Black=0.63} 1-0

[Event "Kvika Banki League Iceland 2022-23"]
[Site "Reykjavik"]
[Date "2022.10.14"]
[Round "2.14"]
[White "Mai, Alexander Oliver"]
[Black "Gunnarsson, Jon Viktor"]
[Result "0-1"]
[ECO "B52"]
[WhiteElo "2183"]
[BlackElo "2447"]
[Annotator "TA"]
[PlyCount "134"]
[EventDate "2022.10.13"]
[EventType "team-tourn"]
[EventCountry "ISL"]
[SourceTitle "playchess.com"]
[Source "ChessBase"]
[SourceQuality "1"]
[TimeControl "5400+30"]

1. e4 c5 2. Nf3 d6 3. Bb5+ Bd7 4. Bxd7+ Qxd7 5. c4 Nf6 6. Nc3 Nc6 7. d4 cxd4 8. Nxd4 e6 9. O-O Be7 10. b3 O-O 11. Bb2 a6 12. Nxc6 Qxc6 13. Qe2 Rfe8 {[%emt 0:13:26] B52: Sicilian: Moscow Variation with 3...Bd7.} 14. Rac1 {[%emt 0:02:29] [#]} Rac8 $146 ({Predecessor:} 14... Nd7 15. Rfd1 Rac8 16. g3 Nc5 17. f3 Bf6 18. Rc2 Be5 19. Kg2 Nd7 20. Rcd2 Nc5 21. Nb1 {½-½ (40) Steinberg,N (2542)-Smirin,I (2607) Israel 2020}) 15. Kh1 Nd7 {[%emt 0:07:13] White has an edge.} 16. f4 Bf8 17. Rf3 g6 18. Rd1 Nc5 19. Re1 Bg7 20. Nd1 Bxb2 21. Nxb2 b5 ({Black should play} 21... f5 $15 22. e5 dxe5 23. Qxe5 Ne4) 22. cxb5 axb5 {[%emt 0:00:24][%cal Oc5e4] ...Nxe4! is the strong threat.} 23. Nd3 Red8 24. h3 (24. f5 {with more complications.} exf5 25. exf5 Re8 26. Re3) 24... Nxd3 25. Rxd3 Qc5 26. Qd2 Rc6 27. Rd4 Ra8 28. Rd1 Raa6 29. a4 bxa4 30. bxa4 Qc2 (30... Kg7 {keeps more tension.} 31. f5 exf5 32. Rd5 Qc3) 31. Kh2 Qxd2 32. R1xd2 $11 {[%emt 0:00:01][%mdl 4096] Endgame KRR-KRR} Kg7 33. R2d3 h6 (33... h5 $5 ) 34. h4 Ra5 35. Ra3 Kf6 36. Rad3 Ke7 37. Rb3 Ra7 38. Rdb4 Rca6 39. Ra3 Ra5 40. Ra2 f5 41. Kg3 fxe4 42. Rxe4 d5 43. Rd4 Rc7 44. Kf2 Kd6 45. Ke3 Rc3+ 46. Rd3 Rc4 47. Rd4 Rc1 48. Kd3 (48. Rb4 $11) 48... Kc5 $17 {[%emt 0:00:08] Black is more active.} 49. Rd2 {[%emt 0:00:28] Prevents Rd1.} (49. Ke3 $17 {was the only defense.}) 49... h5 {[%emt 0:01:27] aiming for ...Rc4.} 50. Ke3 Rc4 51. Rxc4+ dxc4 {[%emt 0:00:04] KR-KR} 52. Ra2 {[%emt 0:00:46] [#]} Kb4 (52... c3 $1 $17 53. Kd3 Kb4) 53. Kd2 $2 {[%emt 0:00:21][%mdl 8192] Now White is beyond hope.} (53. Rb2+ $11 Kc5 54. Rb8) 53... Rxa4 $19 {[%emt 0:01:38] Black is clearly winning.} 54. Rb2+ Kc5 55. Rb8 (55. Ke2 $142 Kd4 56. Kd1) 55... Ra2+ 56. Kc3 Ra3+ 57. Kc2 Rg3 58. Re8 Rxg2+ 59. Kc3 Rg3+ 60. Kc2 Kd5 61. Rd8+ Ke4 62. Re8 Kxf4 63. Rxe6 Rg4 64. Kd2 Kg3 65. Ke3 Kxh4 66. Kf3 g5 67. Re1 Rf4+ {[%emt 0:00:19] Weighted Error Value: White=0.44/Black=0.16 (very precise)} 0-1

[Event "Kvika Banki League Iceland 2022-23"]
[Site "Reykjavik"]
[Date "2022.10.14"]
[Round "2.15"]
[White "Kjartansson, David"]
[Black "Birkisson, Bardur Orn"]
[Result "0-1"]
[ECO "D14"]
[WhiteElo "2316"]
[BlackElo "2145"]
[Annotator "TA"]
[PlyCount "87"]
[EventDate "2022.10.13"]
[EventType "team-tourn"]
[EventCountry "ISL"]
[SourceTitle "playchess.com"]
[Source "ChessBase"]
[SourceQuality "1"]
[TimeControl "5400+30"]

1. d4 d5 2. c4 c6 3. cxd5 cxd5 4. Nc3 Nf6 5. Bf4 Nc6 6. e3 Bf5 7. Nf3 e6 8. Rc1 Bd6 {[%emt 0:17:02] D14: Slav Defence: Exchange variation with ...Bf5.} 9. Bg3 O-O 10. Be2 h6 {[%emt 0:03:14] The position is equal.} 11. O-O Bxg3 12. hxg3 {[%emt 0:00:09] [#]} Rc8 $146 ({Predecessor:} 12... Qa5 13. Qa4 Rfc8 14. Qxa5 Nxa5 15. Ne5 Nc6 16. Nb5 Ne8 17. Nxc6 bxc6 18. Nc3 c5 19. dxc5 Rxc5 20. Na4 Rc2 21. Rxc2 Bxc2 22. b3 Rc8 23. Rc1 Rc7 24. Kf1 {½-½ (24) Smith,R (2214)-Hague,B (2314) Auckland 2012}) 13. a3 a6 14. Na4 Ne4 15. Nd2 Nd6 16. Nc5 Qe7 17. b4 Rc7 18. Qb3 Rfc8 19. Rc3 b6 20. Bxa6 Ra8 21. b5 (21. Rfc1 $15) 21... bxc5 $19 22. dxc5 Na5 $2 (22... Ne4 $19 23. Nxe4 Bxe4) 23. Qb4 (23. cxd6 $11 Nxb3 24. dxc7) 23... Ndc4 $1 $17 {[%emt 0:00:36] Black keeps a firm grip on the game.} 24. b6 $2 (24. Nxc4 $17 Nxc4 25. c6) 24... Rxc5 ({Worse is} 24... Nxd2 25. Qxa5 Rc6 26. Qb5 $11) (24... Rxa6 $142 25. Nxc4 dxc4 26. bxc7 Qxc7) 25. b7 $2 (25. Bb5 {was called for.}) 25... Rb8 $19 {[%emt 0:00:06] [#] Hoping for ...Nc6.} 26. e4 $2 (26. Rfc1 Qc7 27. e4) 26... Bg6 {[%emt 0:00:20] Threatens to win with ...Nc6.} 27. exd5 exd5 {[%emt 0:00:08] White must now prevent ...Nc6.} ({Resist} 27... Nxd2 28. Rxc5 Kh7 29. Qxa5 $18) 28. Nxc4 Nxc4 ({Not} 28... dxc4 $2 29. Bxc4 Nxb7 30. Ba6 $19) 29. Rd1 Qc7 30. Rxd5 Rxd5 31. Rxc4 Rd1+ 32. Kh2 Qe5 33. Rc5 $2 (33. Rc8+ Kh7 34. Qf4) 33... Qe8 $2 (33... Qa1 34. g4 Kh7) 34. Rc8 Rd8 {[%emt 0:00:11] Strongly threatening ...Bf5.} 35. Rc7 $2 (35. Qc5 Be4 36. Qc7 Bxb7 37. Rxb8 Rxb8 38. Bxb7) 35... Qe5 36. Rc5 Qe7 37. f3 Qd6 38. Qa5 (38. Rc8 $142 Qxa6 39. Rxd8+ Rxd8 40. b8=Q Rxb8 41. Qxb8+ Kh7 42. Qb3) 38... Bd3 39. Bxd3 Qxd3 40. Rc7 Qd5 {[%emt 0:00:33] Prevents Qe5.} 41. Qb6 Qh5+ 42. Kg1 Qg6 (42... Rd1+ $142 43. Kf2 Qh1 44. Rc8+ Kh7 45. Qb4 Qg1+ 46. Ke2 {[#]} Rxb7 $3 47. Rd8 Re7+ 48. Qe4+ Rxe4+ 49. fxe4 Rxd8 50. a4 Qxg2+ 51. Ke3 Qf1 52. e5 Rd3+ 53. Ke4 Qf3#) 43. Qe6 Qf6 (43... fxe6 $142 44. g4 Qg5 45. Kf2 Qd2+ 46. Kf1 Qe3 47. Rc8 Rdxc8 48. bxc8=Q+ Rxc8 49. g3 Rc2 50. f4 Qf2#) 44. Qxf6 {[%emt 0:00:30] Weighted Error Value: White=1.05/Black=0.40} 0-1

[Event "Kvika Banki League Iceland 2022-23"]
[Site "Reykjavik"]
[Date "2022.10.14"]
[Round "2.16"]
[White "Bewersdorff, Oliver"]
[Black "Eggleston, David J"]
[Result "1/2-1/2"]
[ECO "A29"]
[WhiteElo "2231"]
[BlackElo "2354"]
[Annotator "TA"]
[PlyCount "66"]
[EventDate "2022.10.13"]
[EventType "team-tourn"]
[EventCountry "ISL"]
[SourceTitle "playchess.com"]
[Source "ChessBase"]
[SourceQuality "1"]
[TimeControl "5400+30"]

1. c4 e5 2. g3 Nc6 3. Nc3 Nf6 4. Bg2 Bb4 5. Nf3 O-O 6. Nd5 Bc5 7. O-O d6 8. d3 h6 9. a3 a6 10. b4 Ba7 11. e3 Nxd5 12. cxd5 {[%emt 0:00:26] A29: English Opening: Four Knights Variation with 4 g3.} Ne7 13. e4 {[%emt 0:05:44] [#]} c6 $146 ({Predecessor:} 13... f5 14. exf5 Bxf5 15. Nh4 Bd7 16. Be4 Bh3 17. Ng2 Qe8 18. Bb2 c6 19. dxc6 bxc6 20. d4 d5 {0-1 (61) Maehrlein,C (2053)-Barzen,P (2312) Heusenstamm 2019}) 14. dxc6 {[%emt 0:05:42] Black is slightly better.} Nxc6 15. Be3 Bxe3 16. fxe3 Be6 (16... Qb6 $5 17. Qe2 a5 $15) 17. Rc1 d5 (17... Qb6 $1 $15 18. Qd2 a5) 18. exd5 $11 Bxd5 19. Rc5 Qd6 20. Nxe5 Qxe5 (20... Bxg2 21. Nc4 Qe6 22. Kxg2 $14) 21. Rxd5 Qxe3+ 22. Kh1 Rae8 23. Rd7 Ne5 24. Rxb7 Rd8 25. Re7 Qg5 {[%emt 0:03:40] The position is equal.} 26. Ra7 Rxd3 27. Qe2 Rd2 28. Qxa6 Rxg2 29. Kxg2 {[%emt 0:00:28] [#] Hoping for Qe2.} Qd2+ 30. Rf2 Qd5+ 31. Kg1 {[%emt 0:04:56] Threatens to win with Qe2.} Nf3+ 32. Rxf3 $1 Qxf3 33. Qb7 {[%emt 0:00:08] Active counter play!} Qe3+ {[%emt 0:02:16] Weighted Error Value: White=0.06 (flawless) /Black=0.07 (flawless)} 1/2-1/2

[Event "Kvika Banki League Iceland 2022-23"]
[Site "Reykjavik"]
[Date "2022.10.14"]
[Round "2.17"]
[White "Cheparinov, Ivan"]
[Black "Steingrimsson, Hedinn"]
[Result "1/2-1/2"]
[ECO "B12"]
[WhiteElo "2689"]
[BlackElo "2512"]
[Annotator "TA"]
[PlyCount "71"]
[EventDate "2022.10.13"]
[EventType "team-tourn"]
[EventCountry "ISL"]
[SourceTitle "playchess.com"]
[Source "ChessBase"]
[SourceQuality "1"]
[TimeControl "5400+30"]

1. e4 c6 2. d4 d5 3. e5 Bf5 4. Nf3 e6 5. Be2 Nd7 6. O-O Ne7 7. c3 h6 8. a4 {[%emt 0:00:08][%cal Ba2a4,Ba4a5][%mdl 32] B12: Caro-Kann: Advance Variation.} c5 {[%emt 0:06:30] 8...Qc7 is a critical line.} 9. dxc5 $1 Nxc5 10. Nd4 {[%emt 0:00:36] White is slightly better.} Bh7 11. a5 a6 12. b4 Nd7 {[%emt 0:02:26] [#]} 13. f4 $146 ({Predecessor:} 13. Qa4 Nf5 14. Ba3 Be7 15. b5 O-O 16. bxa6 Bxa3 17. Qxa3 bxa6 18. Nxf5 Bxf5 19. Qd6 {1-0 (65) Yankelevich,L (2484)-Laurusas,T (2565) Bratislava 2022}) 13... Nf5 14. Bd3 Nxd4 15. Bxh7 Nc6 16. Bc2 d4 ({Black should play} 16... Be7 $14) 17. f5 $16 (17. cxd4 Bxb4 18. Be3 g6 $14) 17... exf5 18. e6 (18. Rxf5 g6 19. Rf4 d3 20. Qxd3 (20. e6 dxc2 21. exd7+ Qxd7 $11) 20... Ndxe5 $14) (18. cxd4 $16 g6 19. Bb2) 18... fxe6 $11 19. Qh5+ Ke7 $1 20. Ba3 $1 (20. Re1 Nde5 21. Bf4 dxc3 22. Bxf5 (22. Bxe5 Nxe5 23. Bxf5 Qd4+ 24. Kh1 g5 $17) 22... g5 23. Bxe5 Nxe5 $17) 20... d3 $1 21. Bxd3 {[%emt 0:18:34] Hoping for b5+.} ({Much weaker is} 21. b5+ Kf6 22. Bxd3 (22. bxc6 dxc2 23. cxd7 cxb1=R $17) 22... g6 23. Qh4+ Kg7 24. Qxd8 Nxd8 25. bxa6 bxa6 $17) 21... g6 22. Qxg6 Nce5 $1 23. Qg3 Nxd3 24. Qxd3 {[%emt 0:00:03] Threatens to win with Qe2.} Ne5 25. Qg3 Kf6 26. Bb2 {[%emt 0:02:10] [#]} Rg8 $1 $36 {[%emt 0:01:53][%mdl 2048] White is under pressure.} 27. Qxg8 {[%emt 0:05:05] [#]} ({Not} 27. Rxf5+ $2 exf5 28. Qh4+ Rg5 $19) 27... Bc5+ $1 28. bxc5 Qxg8 29. c4 $1 {[%emt 0:00:01] And now Nd2 would win.} Qf8 30. Re1 $1 Qxc5+ 31. Kh1 {[%emt 0:00:05] [#]} (31. Kf1 $1 $11 {remains equal.}) 31... Rd8 $1 $17 {[%emt 0:00:34][%cal Of6f7] Strongly threatening ...Kf7!} 32. Rxe5 {[%emt 0:20:05] [#]} Kf7 $1 {[%emt 0:00:33] ( -> ...Rd1+)} 33. Re1 {[%emt 0:03:04] Against Rd1} (33. Rxc5 $2 Rd1#) 33... Qf2 34. Bc3 Rg8 (34... Rd3 $17) 35. Rg1 $11 {[%emt 0:00:13] aiming for Nd2.} Rxg2 36. Rxg2 {[%emt 0:00:02] Weighted Error Value: White=0.10 (very precise) /Black=0.10 (very precise)} 1/2-1/2

[Event "Kvika Banki League Iceland 2022-23"]
[Site "Reykjavik"]
[Date "2022.10.14"]
[Round "2.18"]
[White "Kazakouski, Valery"]
[Black "Jones, Gawain C B"]
[Result "1/2-1/2"]
[ECO "E71"]
[WhiteElo "2538"]
[BlackElo "2626"]
[Annotator "TA"]
[PlyCount "118"]
[EventDate "2022.10.13"]
[EventType "team-tourn"]
[EventCountry "ISL"]
[SourceTitle "playchess.com"]
[Source "ChessBase"]
[SourceQuality "1"]
[TimeControl "5400+30"]

1. d4 Nf6 2. c4 g6 3. Nc3 Bg7 4. e4 d6 5. h3 O-O 6. Be3 Nc6 {[%emt 0:00:34] E71: King's Indian: 4 e4 d6 5 h3.} 7. d5 Ne5 8. g4 c6 {[%emt 0:02:43][%cal Ob7b5] White is slightly better.} 9. f4 Ned7 10. Nge2 Qa5 {[%emt 0:02:03] [#]} 11. Ng3 $146 ({Predecessor:} 11. Qc2 cxd5 12. cxd5 Nc5 13. Bg2 Bd7 14. O-O Rac8 15. Qd2 b5 16. Ng3 b4 17. Nce2 {0-1 (60) Noe,C (2505)-Donchenko,A (2640) Pardubice 2022}) 11... Nc5 {[%emt 0:10:03] White must now prevent ...Ncxe4.} 12. Kf2 cxd5 13. cxd5 Bd7 14. Bg2 (14. Rb1 $14) 14... Rac8 $11 15. Rb1 Na4 $1 16. Nxa4 Bxa4 17. b3 Bd7 18. a4 Rc3 (18... b5 $11) 19. g5 $2 {[%emt 0:03:38] [#]} (19. Qd2 $1 $16 {keeps the pressure on. Threatens to win with Ne2.} Qa6 20. Bf1) 19... Nh5 $1 $17 20. Nxh5 gxh5 21. b4 Qxa4 22. Qxa4 Bxa4 23. Bxa7 (23. Rhc1 $142) 23... Rfc8 (23... Ra8 $142 24. Be3 Bb5) 24. Rhe1 Ra3 (24... Rc2+ $17 25. Re2 Rxe2+ 26. Kxe2 Bc2) 25. Rbc1 (25. e5 $1 $15) 25... Ra2+ 26. Kg1 Bc2 27. Re2 Rxa7 28. Rexc2 Bd4+ 29. Kh2 Rxc2 30. Rxc2 {[%emt 0:00:06][%mdl 4096] Endgame KRB-KRB} h4 31. e5 Be3 32. Rc4 Ra1 {[%emt 0:00:30] Strongly threatening ...b5.} 33. Bf3 Rf1 34. exd6 exd6 35. Bh5 Rf2+ (35... Bxf4+ $2 36. Kg2 Re1 37. Rxf4 $18) 36. Kh1 b5 (36... Rxf4 $17 37. Rxf4 Bxf4) 37. Rc3 (37. Re4 $15 Bxf4 38. Kg1) 37... Rf1+ 38. Kg2 Rf2+ 39. Kh1 $1 ({Don't play} 39. Kg1 Bd4 40. Rc8+ Kg7 $17) 39... Bd4 (39... Bxf4 $17 40. Rf3 Rxf3 41. Bxf3 Bxg5) 40. Rf3 (40. Rc6 $11 {keeps the balance.}) 40... Rb2 41. Ra3 Rxb4 42. Ra8+ Kg7 43. Re8 Rb3 (43... h6 $17 {...Rb3 is the strong threat.} 44. Re7 hxg5 45. fxg5 Rb1+ 46. Kg2 Rg1+ 47. Kf3 Rxg5 48. Rxf7+ Kh6) 44. Re7 $1 $11 Rxh3+ 45. Kg2 Rg3+ 46. Kh2 $1 b4 47. Rxf7+ Kg8 48. Re7 Re3 49. Rxe3 (49. Rd7 $11) 49... Bxe3 {[%emt 0:00:02] KB-KB} 50. Kh3 b3 (50... Kg7 $142 51. Bd1 Bxf4 52. Kxh4 h6) 51. Bd1 $17 b2 52. Bc2 Bf2 53. Kg4 {[%emt 0:00:32] [#]} Kg7 $1 54. f5 h6 (54... Be3 $17 {[%cal Oe3g5] aiming for ...Bxg5!} 55. Kxh4 h6 56. gxh6+ Bxh6) 55. f6+ $11 {[%emt 0:00:24] The position is equal.} Kf7 56. gxh6 {[%emt 0:00:06] White threatens h7 and mate.} Kxf6 57. h7 Kg7 58. Bb1 Be1 59. Bc2 Kh8 {[%emt 0:00:16] Weighted Error Value: White=0.19 (very precise) /Black=0.18 (very precise)} 1/2-1/2